 Dungeon Crawl Stone Soup version 0.31-a0-948-gf5be29c462 (webtiles) character file.

Game seed: 13342294461181991667

65 Morbidden the Conjurer (level 4, -1/21 HPs)
             Began as a Vine Stalker Conjurer on Oct 21, 2023.
             Slain by Terence
             ... wielding a +0 falchion
              (5 damage)
             ... on level 2 of the Dungeon.
             The game lasted 00:02:04 (1741 turns).

Morbidden the Conjurer (Vine Stalker Conjurer)      Turns: 1741, Time: 00:02:05

Health: -1/21      AC:  2    Str: 10    XL:     4   Next: 13%
Magic:  0/9        EV: 12    Int: 20    God:
Gold:   32         SH:  0    Dex: 12    Spells: 6/9 levels left

rFire   . . .        a - staff of conjuration
rCold   . . .        (no shield)
rNeg    . . .        c - +0 robe
rPois   .            (no helmet)
rElec   .            (no cloak)
rCorr   .            (no gloves)
SInv    .            (no boots)
Will    .....        (no amulet)
Stlth   ++           (no ring)
HPRegen 1.03/turn    (no ring)
MPRegen 0.11/turn

%: guardian spirit
@: brilliant, attractive
A: fangs 2, regeneration 1, magic shield, antimagic bite, no potion heal 2
a: no special abilities


You were on level 2 of the Dungeon.
You visited 1 branch of the dungeon, and saw 2 of its levels.

You collected 32 gold pieces.

Inventory:

Armour
 c - a +0 robe (worn)
Magical Staves
 a - a staff of conjuration (weapon)
Talismans
 p - a dragon-blood talisman
Scrolls
 d - 2 scrolls of identify {unknown}
 i - a scroll of enchant weapon {unknown}
 k - a scroll of teleportation {unknown}
 l - a scroll of vulnerability {unknown}
 m - a scroll of butterflies {unknown}
 n - a scroll of fog {unknown}
 o - a scroll of silence {unknown}
 q - a scroll of enchant armour {unknown}
Potions
 e - 2 potions of curing
 g - a potion of ambrosia {unknown}
 h - a potion of brilliance
 j - a potion of might {unknown}


   Skills:
 * Level 0.2 Fighting
 * Level 2.0 Dodging
 + Level 2.5 Stealth
 * Level 3.0 Spellcasting
 * Level 4.7 Conjurations
 * Level 0.1 Shapeshifting


You had 6 spell levels left.
You knew the following spells:

 Your Spells              Type           Power      Damage    Failure   Level
a - Magic Dart            Conj           100%       1d8       1%          1
b - Searing Ray           Conj           98%        2d8       3%          2

Your spell library contained the following spells:

 Spells                   Type           Power      Damage    Failure   Level
 Dazzling Flash           Conj/Hex       56%        N/A       16%         3
 Fulminant Prism          Conj/Hex       14%        3d8       47%         4
 Iskenderun's Mystic Bla  Conj/Tloc      28%        2d7       47%         4


Dungeon Overview and Level Annotations

Branches:
Dungeon (2/15)

Altars:

Annotations:
D:2 Terence


Innate Abilities, Weirdness & Mutations

You have extremely sharp teeth.
Your natural rate of healing is unusually fast.
When hurt, damage is shared between your health and your magic reserves.
Your bite disrupts and absorbs the magic of your enemies.
Potions cannot restore your health.


Message History

Unknown command.
Unknown command.
Okay, then.
Terence attacks as he pursues you! Terence barely misses you.
Terence attacks as he pursues you! Terence hits you with a +0 falchion!
Unknown command.
Unknown command.
Casting: Magic Dart (safe; 1% risk of failure)
Confirm with . or Enter, or press ? or * to list all spells.
You don't know that spell.
Casting: Magic Dart (safe; 1% risk of failure)
Confirm with . or Enter, or press ? or * to list all spells.
Aiming: Magic Dart (safe; 1% risk of failure)
Press: ? - help, Shift-Dir - straight line, f/p - Terence
Aim: Terence, wielding a +0 falchion and wearing a +3 chain mail of fire resistance (severely wounded, 100% to hit)
You feel a strong surge of power!
The magic dart hits Terence.
Terence is almost dead.
Terence hits you with a +0 falchion!
* * * LOW HITPOINT WARNING * * *
Unknown command.
Unknown command.
Unknown command.
Casting: Magic Dart (safe; 1% risk of failure)
Confirm with . or Enter, or press ? or * to list all spells.
You don't know that spell.
Unknown command.
Unknown command.
Terence attacks as he pursues you! Terence closely misses you.
Unknown command.
Terence shouts, "ATTACK!!!"
Terence attacks as he pursues you! Terence hits you with a +0 falchion.
* * * LOW HITPOINT WARNING * * *
Unknown command.
Unknown command.
Terence attacks as he pursues you! Terence closely misses you.
Unknown command.
You closely miss Terence.
Terence is almost dead.
Terence hits you with a +0 falchion.
You die...

#..#....#.#.......# #†..
#####..###..........#.# #...
.......# ##.#.####.##.# #...
#####.##
#...#....##.########... ..#
#.######...)###.)).........##
#.# #........>.##
#............# #.#
####......## #............#
#.#
####......#####............#
#.#
#..........@@.....##########
#.###.##.....##########
#.#...##.....#
#..........############
#....P.....# #.........
##.###'###.# #.<.......
##.#8...8#.# #.........
...#.###.#.###.........
...#.#2#.#..##<........


You could see Terence.

Vanquished Creatures
  An adder (D:2)
  2 worms (D:2)
  3 bats
  5 endoplasms
  A giant cockroach (D:1)
  7 goblins
  4 hobgoblins
  3 jackals (D:1)
  A quokka (D:2)
  4 ball pythons (D:2)
  A frilled lizard (D:1)
  8 kobolds
  5 rats (D:1)
45 creatures vanquished.

Notes
Turn   | Place    | Note
-------+----------+-------------------------------------------
     0 | D:1      | Morbidden the Vine Stalker Conjurer began the quest for the
                  | Orb.
     0 | D:1      | Reached XP level 1. HP: 9/9 MP: 4/4
   161 | D:1      | Reached XP level 2. HP: 13/13 MP: 1/6
   542 | D:1      | Reached XP level 3. HP: 16/16 MP: 0/7
   806 | D:1      | Learned a level 2 spell: Searing Ray
  1612 | D:2      | Found a faded altar of an unknown god.
  1612 | D:2      | Noticed a blizzard demon
  1696 | D:2      | Noticed Terence
  1705 | D:2      | Reached XP level 4. HP: 21/21 MP: 4/9
  1717 | D:2      | HP: 1/21 [Terence/+0 falchion (6)]
  1738 | D:2      | HP: 1/21 [Terence/+0 falchion (6)]
  1741 | D:2      | Slain by Terence

Illustrated notes

Levels and vault maps discovered:
D:1:      orjb1_lava_funnel, layout_loops_ring, minmay_pentomino_x4
D:2:      layout_basic, dreamdust_ecumenical_altar_sealed_demon, uniq_terence

Skill      XL: |  1  2  3 |
---------------+----------+-----
Dodging        | 2 |  2.0
Spellcasting   | 3 |  3.0
Fighting       | |  0.2
Stealth        | |  2.5
Conjurations   | |  4.7
Shapeshifting  | |  0.1

Action                     |  1- 3 |  4- 6 || total
---------------------------+-------+-------++-------
  Melee: Staff             |    20 |     1 ||    21
         Bite              |     4 |       ||     4
   Cast: Magic Dart        |    67 |     2 ||    69
         Searing Ray       |     3 |     2 ||     5
    Use: Potion            |       |     4 ||     4
 Armour: Robe              |    20 |    10 ||    30
  Dodge: Dodged            |    33 |     8 ||    41

Table legend: (Time is in decaauts)
 A = Elapsed time spent in this place.
 B = Non-inter-level travel time spent in this place.
 C = Inter-level travel time spent in this place.
 D = Time resting spent in this place.
 E = Time spent auto-exploring this place.
 F = Levels seen in this place.
 G = Mean time per level.
                   A        B        C        D        E       F      G
               +--------+--------+--------+--------+--------+-----+--------+
         Total |   1744 |   1742 |      2 |      0 |   1516 |   2 |  872.0 |
       Dungeon |   1744 |   1742 |      2 |      0 |   1516 |   2 |  872.0 |
               +--------+--------+--------+--------+--------+-----+--------+

Top non-repeatable levels by time:
     D:1: 947 daAuts
     D:2: 797 daAuts
